[Event "Live Chess"]
[Site "Chess.com"]
[Date "2023.05.21"]
[Round "-"]
[White "LL220284LL"]
[Black "matt1979"]
[Result "1-0"]
[WhiteElo "2316"]
[BlackElo "1539"]
[TimeControl "300"]
[EndTime "3:11:51 PDT"]
[Termination "LL220284LL won by resignation"]

1. e3 f5 2. b3 e6 3. Bb2 Nf6 4. c4 Be7 5. Nc3 O-O 6. Nf3 d6 7. Be2 Nc6 8. d4 e5 9. dxe5 dxe5 10. O-O Be6 11. a3 h6 12. Qc2 e4 13. Nd4 Nxd4 14.
exd4 Qe8 15. Rad1 c6 16. d5 cxd5 17. cxd5 Bf7 18. d6 Bd8 19. Nb5 a6 20. Nc7 Bxc7 21. dxc7 Rc8 22. Be5 Nd7 23. Bf4 g5 24. Bd6 Kh7 25. Bxf8 Qxf8 26. Rxd7 1-0

[Event "Live Chess"]
[Site "Chess.com"]
[Date "2023.05.21"]
[Round "-"]
[White "CeladonFish"]
[Black "VovaOvchar1990"]
[Result "1-0"]
[WhiteElo "1087"]
[BlackElo "1215"]
[TimeControl "300"]
[EndTime "3:11:54 PDT"]
[Termination "CeladonFish won by checkmate"]

1. d4 d5 2. c4 dxc4 3. Nc3 e6 4. Bf4 Bd6 5. Bxd6 cxd6 6. Nf3 d5 7. Qa4+ Bd7 8. Qb4 b6 9. Nb5 a5 10. Nd6+ Ke7 11. Nf5+ Kf6 12. Qd6 Kxf5 13. Qe5+ Kg6 14. h4 f5 15. h5+ Kf7 16. Ng5+ Kf8 17. Qd6+ Ne7 18. Nxe6+ Bxe6 19. Qxd8+ Kf7 20. Qxh8 Bc8 21. h6 g6 22. Qg7+ Ke6 23. Qe5+ Kd7 24. e3 Bb7 25. b3 Nbc6 26. Qg7 cxb3 27. axb3 Nb4 28. Bb5+ Bc6 29. Bxc6+ Nxc6 30. O-O Nd8 31. Rac1 Ne6 32. Qe5 Ng5 33. Rc7+ Ke8 34. Qxe7# 1-0

[Event "Live Chess"]
[Site "Chess.com"]
[Date "2023.05.21"]
[Round "-"]
[White "Trendle"]
[Black "Davidagye"]
[Result "1-0"]
[WhiteElo "2658"]
[BlackElo "1676"]
[TimeControl "300"]
[EndTime "3:12:53 PDT"]
[Termination "Trendle won by resignation"]

1. Nf3 e6 2. c4 d5 3. g3 Nf6 4.
Bg2 c6 5. O-O Nbd7 6. b3 Be7 7.
Bb2 O-O 8. d3 b6 9. Nbd2 Bb7 10.
e4 dxe4 11. dxe4 c5 12. e5 Ne8 13. Qc2 Qc7 14. Ne4 h6 15. Rad1 Rd8 16. Rd2 Nb8 17.
Rfd1 Nc6 18. Nd6 Ba8 19. Qc3 Nxe5 20. Nxe8 Rdxe8 21. Nxe5 Bf6 1-0

[Event "Live Chess"]
[Site "Chess.com"]
[Date "2023.05.21"]
[Round "-"]
[White "wadsy27"]
[Black "hturner40"]
[Result "1-0"]
[WhiteElo "2556"]
[BlackElo "1814"]
[TimeControl "300"]
[EndTime "3:13:00 PDT"]
[Termination "wadsy27 won on time"]

1. e4 Nc6 2. Nf3 e5 3. d4 exd4 4. Nxd4 Nf6 5. Nxc6 bxc6 6. e5 Qe7 7. Qe2 Nd5 8. h4 a5 9. c4 Ba6 10. b3 f6 11.
exf6 Nxf6 12. Bb2 O-O-O 13. Qxe7 Bxe7 14. Nc3 Ng4 15. Be2 h5 16. Ne4 d5 17. Ng3 Bc5 18. O-O dxc4 19. Nxh5 Nxf2 20. Rxf2 Bxf2+ 21. Kxf2 Rd2 22. Bc3 Rc2 23. Nxg7 cxb3 24. axb3 Bxe2 25. Rxa5 Bb5+ 26. Kg1 Rxc3 27. Ra8+ Kb7 28. Rxh8 1-0

[Event "Live Chess"]
[Site "Chess.com"]
[Date "2023.05.21"]
[Round "-"]
[White "CarlsenCab"]
[Black "seasidecastle27"]
[Result "0-1"]
[WhiteElo "519"]
[BlackElo "1904"]
[TimeControl "300"]
[EndTime "3:13:11 PDT"]
[Termination "seasidecastle27 won by checkmate"]

1. d4 d5 2. Nf3 e6 3. Bf4 Nf6 4. e3 Bd6 5. c3 Bxf4 6. exf4 Qd6 7.
Qc1 c5 8. Bb5+ Bd7 9. Bxd7+ Nbxd7 10. dxc5 Qxc5 11. O-O O-O 12. Ng5 h6 13. b4 Qc7 14.
Nh3 Ne4 15. Qc2 Rac8 16. Rc1 Ndf6 17. f3 Qb6+ 18. Kf1 Nd6 19. a3 Nf5 20. Nd2 Ne3+ 21. Ke2 Nxc2 22. Rxc2 d4 23. c4 d3+ 24. Kxd3 Rfd8+ 25. Kc3 Qd4+ 26. Kb3 Qxa1 27. Ra2 Qd1+ 28. Kc3 Nd5+ 29. Kd4 Nxb4+ 30. Ke5 Nxa2 31. Ne4 Rd5+ 32. cxd5 Qxd5# 0-1

[Event "Live Chess"]
[Site "Chess.com"]
[Date "2023.05.21"]
[Round "-"]
[White "Brooms1989"]
[Black "JohanKjeldahl"]
[Result "0-1"]
[WhiteElo "1124"]
[BlackElo "1894"]
[TimeControl "300"]
[EndTime "3:13:12 PDT"]
[Termination "JohanKjeldahl won by resignation"]

1. e4 c5 2. Nc3 e6 3. f4 Nc6 4.
Nf3 a6 5. d3 b5 6. d4 cxd4 7. Nxd4 Bb7 8. Nxc6 Bxc6 9. Bd3 Bc5 10.
a3 Qh4+ 11. g3 Qh3 12. Qe2 Nf6 13. b4 Bb6 14. Be3 Bxe3 15. Qxe3 O-O 16. Bf1 Qh5 17. Be2 Qg6 18. O-O-O Nxe4 19. Nxe4 Bxe4 20. Rxd7 Bxh1 21. Bd3 Qf6 22. Qe1 Bc6 23. Rd6 Bd5 24. Qe2 Rfc8 25. Qh5 g6 26. Qh3 Qc3 27. Qg2 0-1

[Event "Live Chess"]
[Site "Chess.com"]
[Date "2023.05.21"]
[Round "-"]
[White "JoshMcK"]
[Black "TheSmoulderingMaster"]
[Result "1-0"]
[WhiteElo "1520"]
[BlackElo "1697"]
[TimeControl "300"]
[EndTime "3:13:20 PDT"]
[Termination "JoshMcK won by resignation"]

1. e4 c5 2. c3 d5 3. exd5 Qxd5 4.
d4 Nc6 5. Nf3 Bg4 6. dxc5 Qxc5 7.
Na3 e6 8. Nb5 Rc8 9. Be3 Qh5 10.
Nxa7 Rd8 11. Qe2 Nge7 12. h3 g6 13. Bb6 Rd5 14. Nxc6 Nxc6 15. Be3 Bh6 16. Rd1 Re5 17. Qd3 O-O 18. Be2 Rd5 19. Qc2 Bxe3 20. Rxd5 Bxf2+ 21. Kxf2 exd5 22. Qd1 Be6 23. g4 Qh6 24. g5 Qh5 25. h4 Qg4 26. Ne5 Qf4+ 27. Nf3 f6 28. gxf6 Rxf6 29. h5 Ne5 30. hxg6 Ng4+ 31. Ke1 hxg6 32.
Qd4 Qg3+ 33. Kd1 Nf2+ 34. Kc2 Bf5+ 35. Kb3 Nxh1 36. Qxf6 Qh3 37. Qd8+ Kg7 38. Qe7+ Kh6 39. Qf8+ Kh5 40. Ng1+ Qg4 41. Bxg4+ Bxg4 42. Qh8+ 1-0

[Event "Live Chess"]
[Site "Chess.com"]
[Date "2023.05.21"]
[Round "-"]
[White "TKDRyan"]
[Black "JackCheetham1"]
[Result "0-1"]
[WhiteElo "1129"]
[BlackElo "1689"]
[TimeControl "300"]
[EndTime "3:13:26 PDT"]
[Termination "JackCheetham1 won by checkmate"]

1. e4 c5 2. Nf3 d6 3. d4 cxd4 4. Nxd4 Nf6 5. Nc3 g6 6. Bd3 Bg7 7. Nf3 O-O 8. O-O Bg4 9. h3 Bxf3 10. Qxf3 Nc6 11. Bg5 h6 12. Bxf6 Bxf6 13. Rfe1 Ne5 14. Qe2 Nxd3 15. cxd3 Bg7 16. Rad1 e6 17. a3 Qb6 18.
Na4 Qb5 19. Qc2 Rac8 20. Nc3 Qa5 21. Qa4 Qb6 22. Rb1 Bd4 23. Rf1 a6 24. Ne2 Bg7 25.
b4 Qc6 26. Qxc6 Rxc6 27. Rfc1 Rfc8 28. f4 Rxc1+ 29. Nxc1 Rc3 30. a4 Bd4+ 31. Kh1 Be3 32. Ne2 Rxd3 33. b5 Ra3 34. bxa6 bxa6 35. Rb8+ Kg7 36.
Rd8 Bc5 37. e5 dxe5 38. fxe5 Rxa4 39. Nc3 Ra1+ 40. Kh2 Be3 41. Ne4 Bf4+ 42. g3 Bxe5 43. Kg2 a5 44. g4 a4 45. g5 h5 46. Ra8 a3 47. Ra5 Bb2 48. Nd6 Rd1 49. Ne8+ Kf8 50.
Ra8 Ke7 51. Nf6 Rd2+ 52. Kf3 Bxf6 53. Ra7+ Kd6 54. gxf6 a2 55. Ke3 Rb2 56. Kd3 Ke5 57. Kc3 Rh2 58. Kb3 Kxf6 59. h4 Kf5 60. Ra5+ Kf6 61.
Ra4 e5 62. Ra6+ Kf5 63. Ra5 f6 64. Ra4 e4 65. Ra5+ Kf4 66. Ra4 Rh3+ 67. Kxa2 Rh2+ 68. Kb3 Kf3 69. Ra2 Rxa2 70. Kxa2 e3 71. Kb3 e2 72. Kc4 e1=Q 73. Kd5 Qh1 74. Kd6 Qxh4 75. Ke7 Qg3 76. Kf7 h4 77. Kxf6 h3 78. Kg7 h2 79. Kf7 h1=Q 80. Ke6 Qf1 81. Kd7 Kg2 82. Kc6 Qgf2 83.
Kd5 Q1e1 84. Kd6 Qfd2+ 85. Kc6 Qec1+ 86. Kb5 Qdb2+ 87. Ka4 Qca1# 0-1

[Event "Live Chess"]
[Site "Chess.com"]
[Date "2023.05.21"]
[Round "-"]
[White "Geomorph"]
[Black "Bunny55"]
[Result "1-0"]
[WhiteElo "1273"]
[BlackElo "945"]
[TimeControl "300"]
[EndTime "3:13:27 PDT"]
[Termination "Geomorph won by resignation"]

1. e4 c5 2. Nf3 d6 3. d4 cxd4 4.
Qxd4 Nc6 5. Bb5 Bd7 6. Bxc6 Bxc6 7. Nc3 e5 8. Qd3 Nf6 9. Bg5 Be7 10. O-O-O O-O 11.
Bxf6 Bxf6 12. Qxd6 Qxd6 13. Rxd6 Rad8 14. Rhd1 a6 15.
Rxd8 Bxd8 16. Rxd8 Rxd8 17. Nxe5 Re8 18. Nxc6 bxc6 19.
f3 g6 20. Na4 f5 21. Nc5 fxe4 22. Nxe4 Re5 23. c4 Kf7 24. b4 Ke6 25. Kc2 g5 26.
Kc3 h5 27. Kd4 g4 28. Nc5+ Kd6 29. Nxa6 Re2 30. fxg4 hxg4 31. h3 gxh3 32. gxh3 Rh2 33. a4 Rxh3 34. Nc5 Rh4+ 35. Ne4+ Ke6 36. a5 Kf5 37. a6 Rxe4+ 38. Kc5 Re8 39. Kxc6 Ra8 40.
Kb7 Re8 41. c5 Ke5 42. c6 Kd5 43. c7 Re7 44. a7 Kc4 45. a8=Q Kxb4 46. Qd8 Re5 47.
Qd4+ 1-0

[Event "Live Chess"]
[Site "Chess.com"]
[Date "2023.05.21"]
[Round "-"]
[White "AttackingSnowLeopard"]
[Black "gmnorfolk"]
[Result "1/2-1/2"]
[WhiteElo "2197"]
[BlackElo "2123"]
[TimeControl "300"]
[EndTime "3:13:33 PDT"]
[Termination "Game drawn - insufficient material"]

1. d4 Nf6 2. c4 e6 3. Nf3 d5 4.
Nc3 c6 5. e3 Nbd7 6. Qc2 Bd6 7.
b3 O-O 8. Be2 b6 9. O-O Bb7 10.
Bb2 Qe7 11. a4 a5 12. Rad1 Rac8 13. h3 Rfd8 14. Rfe1 e5 15. cxd5 Nxd5 16. dxe5 Nxe5 17. Nxd5 cxd5 18. Qf5 g6 19. Qb1 Nxf3+ 20. Bxf3 Bb4 21.
Re2 Bc3 22. Rc2 d4 23. Bxb7 Qxb7 24. Bxc3 dxc3 25. Rxd8+ Rxd8 26. Rxc3 b5 27. axb5 Qxb5 28. Qc2 Rb8 29. Rc8+ Rxc8 30. Qxc8+ Kg7 31. Qc3+ Kg8 32. h4 h5 33. e4 a4 34. bxa4 Qxa4 35. Qe5 Qd1+ 36.
Kh2 Qe2 37. f3 Qe1 38. Qf6 Qe3 39. e5 Qd3 40. Kh3 Qd7+ 41. e6 Qxe6+ 42. Qxe6 fxe6 43. Kg3 Kf7 44. Kf4 Kf6 45. g4 hxg4 46. fxg4 g5+ 47.
hxg5+ Kg6 48. Ke5 Kxg5 49. Kxe6 Kxg4 1/2-1/2

[Event "Live Chess"]
[Site "Chess.com"]
[Date "2023.05.21"]
[Round "-"]
[White "LL220284LL"]
[Black "SupremeTactician"]
[Result "1-0"]
[WhiteElo "2322"]
[BlackElo "2225"]
[TimeControl "300"]
[EndTime "3:13:36 PDT"]
[Termination "LL220284LL won by resignation"]

1. Nf3 Nf6 2. b3 e6 3. Bb2 Be7 4. d4 d5 5. e3 b6 6. Bd3 O-O 7. O-O h6 8. Nbd2 Bb7 9. Re1 Nbd7 10. c4 Re8 11. Rc1 c5 12. cxd5 exd5 13. Qe2 Rc8 14.
Ne5 Nxe5 15. dxe5 Ne4 16. Nxe4 dxe4 17. Bb5 Bc6 18. Red1 Qc7 19. Bc4 Rcd8 20. e6 fxe6 21. Qg4 Rxd1+ 22. Rxd1 Bd6 23. Rxd6 Bd5 24. Bxd5 exd5 25.
Rd7 1-0

[Event "Live Chess"]
[Site "Chess.com"]
[Date "2023.05.21"]
[Round "-"]
[White "Tech_Titan"]
[Black "EdenHazard8"]
[Result "0-1"]
[WhiteElo "934"]
[BlackElo "1963"]
[TimeControl "300"]
[EndTime "3:13:42 PDT"]
[Termination "EdenHazard8 won by checkmate"]

1. c4 e5 2. Nc3 Nc6 3. e4 f5 4.
exf5 Nf6 5. g4 Bc5 6. d3 O-O 7. Bg2 Nd4 8. h3 c6 9. Nf3 Nxf3+ 10. Qxf3 d5 11. cxd5 Re8 12. dxc6 e4 13. dxe4 bxc6 14. O-O Ba6 15. Rd1 Qa5 16. g5 Nxe4 17. Nxe4 Bb6 18. f6 Rf8 19. Rd7 g6 20. Nd6 Qe1+ 21.
Kh2 Bxf2 22. f7+ Kh8 23. b3 Qg1# 0-1

[Event "Live Chess"]
[Site "Chess.com"]
[Date "2023.05.21"]
[Round "-"]
[White "nigelst"]
[Black "RichardABates"]
[Result "0-1"]
[WhiteElo "1712"]
[BlackElo "2101"]
[TimeControl "300"]
[EndTime "3:13:42 PDT"]
[Termination "RichardABates won by resignation"]

1. e4 c5 2. Nf3 d6 3. Bb5+ Bd7 4.
Bxd7+ Qxd7 5. O-O Nc6 6. c3 Nf6 7. Qe2 e6 8. d4 cxd4 9. cxd4 d5 10. e5 Ne4 11. Nc3 Nxc3 12. bxc3 Be7 13. Bg5 Rc8 14. Qe3 O-O 15. Rac1 Na5 16. Bxe7 Qxe7 17. Qg5 Qxg5 18.
Nxg5 Rc6 19. Nh3 Rfc8 20. Nf4 Rxc3 21. Rxc3 Rxc3 22. Rb1 h6 23. h3 a6 24. Kf1 b5 25.
Ke1 Nc4 26. a4 bxa4 27. Ne2 Rb3 28. Ra1 a3 29. Nc1 Rb2 30. Nd3 a5 31. Nxb2 axb2 32. Rb1 a4 33. Kd1 a3 34. Kc2 a2 35. Rxb2 a1=Q 36.
Rb8+ Kh7 0-1

[Event "Live Chess"]
[Site "Chess.com"]
[Date "2023.05.21"]
[Round "-"]
[White "Lewstar1"]
[Black "yeetpizza74"]
[Result "0-1"]
[WhiteElo "434"]
[BlackElo "502"]
[TimeControl "300"]
[EndTime "3:13:44 PDT"]
[Termination "yeetpizza74 won on time"]

1. e4 c6 2. Nf3 d5 3. exd5 cxd5 4. Nc3 Bg4 5. d4 Nf6 6. Bf4 Nc6 7. Nb5 Rc8 8. Be2 Bxf3 9. Bxf3 a6 10. Nc3 Nb4 11.
O-O e6 12. Qd2 Nc6 13. Rae1 Bb4 14. Be5 Bxc3 15. Qxc3 Nxe5 16. Qa3 Nxf3+ 17. gxf3 Rxc2 18.
Qa4+ Rc6 19. Qc2 Rxc2 20. Rc1 Rxc1 21. Rxc1 O-O 22. b4 a5 23. b5 b6 24. a4 Qe7 25.
Rc6 e5 26. dxe5 Qxe5 27. Rxb6 Qf4 28. Ra6 Qxf3 29. Rxa5 Re8 30. Kf1 Qe2+ 31. Kg2 d4 32.
b6 Rb8 33. h3 Rxb6 34. Ra8+ Ne8 35. a5 Rb2 36. Kg3 Qxf2+ 0-1

[Event "Live Chess"]
[Site "Chess.com"]
[Date "2023.05.21"]
[Round "-"]
[White "jagbama"]
[Black "domrobson"]
[Result "1-0"]
[WhiteElo "1177"]
[BlackElo "1700"]
[TimeControl "300"]
[EndTime "3:13:48 PDT"]
[Termination "jagbama won by resignation"]

1. e4 e5 2. Nf3 Nc6 3. Bc4 Nf6 4. Nc3 Nxe4 5. Nxe4 d5 6. Bb5 dxe4 7. Bxc6+ bxc6 8. Nxe5 Qd5 9. d4 exd3 10. Nxd3 Be7 11. O-O O-O 12. Bf4 Bf5 13. Bxc7 Rac8 14. Bg3 Rfd8 15.
Qe2 Re8 16. Nf4 Qa5 17. Qf3 Bf6 18. c3 Be4 19. Qg4 Qb6 20. Nh5 Bg6 21. Nxf6+ gxf6 22. h4 Re4 23. Qxc8+ 1-0

[Event "Live Chess"]
[Site "Chess.com"]
[Date "2023.05.21"]
[Round "-"]
[White "WilliamofOrange16th"]
[Black "maxmlynek"]
[Result "1-0"]
[WhiteElo "1875"]
[BlackElo "1902"]
[TimeControl "300"]
[EndTime "3:13:51 PDT"]
[Termination "WilliamofOrange16th won by resignation"]

1. e4 c6 2. d4 d5 3. exd5 cxd5 4. c4 dxc4 5. Bxc4 Nf6 6. Nf3 e6 7. O-O Nc6 8. Nc3 Bd7 9. h3 Be7 10. Bf4 O-O 11. Nb5 a6 12. Nc3 Rc8 13. Bd3 Re8 14.
Rc1 Bf8 15. Bb1 Ne7 16. Qd3 Ng6 17. Be5 Bb5 18. Nxb5 axb5 19. Qxb5 Rxc1 20. Rxc1 Bd6 21. Qxb7 Bxe5 22. dxe5 Nd5 23. b4 h6 24. Be4 Qb8 25. Qxb8 Rxb8 26. a3 Ngf4 27. Kf1 Ra8 28. g3 Nxh3 29.
Bxd5 exd5 30. Rc3 Ng5 31. Nxg5 hxg5 32. Ke2 Kf8 33. Kd3 Ke7 34. Kd4 Ke6 35. g4 Ra6 36. b5 Ra4+ 37. Kc5 Kxe5 38. b6 d4 39. Rb3 Ra5+ 40.
Kc6 Rd5 41. b7 Rd6+ 42. Kc7 1-0

[Event "Live Chess"]
[Site "Chess.com"]
[Date "2023.05.21"]
[Round "-"]
[White "Crowded_House"]
[Black "MarkLim1"]
[Result "0-1"]
[WhiteElo "1635"]
[BlackElo "1706"]
[TimeControl "300"]
[EndTime "3:14:01 PDT"]
[Termination "MarkLim1 won by resignation"]

1. d4 Nf6 2. Bg5 e6 3. e3 c5 4.
c3 cxd4 5. exd4 h6 6. Bh4 Be7 7. Nd2 O-O 8. Bd3 b6 9. Ngf3 Ba6 10. Bxa6 Nxa6 11. O-O d5 12. Re1 Rb8 13. Ne5 Qc8 14. Bg3 Qb7 15. Ng4 Rbc8 16. Nxf6+ Bxf6 17. Nf3 b5 18. a3 Rc6 19. Be5 Be7 20. Bg3 Rfc8 21. Ne5 Rb6 22.
Qf3 Bf8 23. Qh5 Nb8 24. Ng4 Nc6 25. Ne5 Nxe5 26. Bxe5 a5 27. Re3 b4 28. cxb4 axb4 29. axb4 Rxb4 30. Rh3 Rxb2 31. Rf1 Rb1 32. Rg3 Rxf1+ 33.
Kxf1 Qb1+ 34. Ke2 Rc2+ 35. Ke3 Qc1+ 36. Kf3 Qd1+ 37. Kf4 Qxh5 0-1

[Event "Live Chess"]
[Site "Chess.com"]
[Date "2023.05.21"]
[Round "-"]
[White "JanMur7"]
[Black "LiamClery2020"]
[Result "0-1"]
[WhiteElo "1955"]
[BlackElo "2000"]
[TimeControl "300"]
[EndTime "3:14:03 PDT"]
[Termination "LiamClery2020 won by resignation"]

1. e4 Nf6 2. Nc3 e5 3. Nf3 Nc6 4. Nxe5 Nxe5 5. d4 Ng6 6. e5 Ng8 7. Bc4 d5 8. Bxd5 N8e7 9. Bb3 Be6 10. Qf3 c6 11. Bg5 Qxd4 12. O-O Qxe5 13. Bxe7 Bxe7 14. Rfe1 Qg5 15. Bxe6 fxe6 16. Rxe6 O-O-O 17. Rae1 Rhf8 18. Qe2 Nf4 0-1

[Event "Live Chess"]
[Site "Chess.com"]
[Date "2023.05.21"]
[Round "-"]
[White "ItsNot_Jasper"]
[Black "Biranidun"]
[Result "0-1"]
[WhiteElo "1373"]
[BlackElo "2540"]
[TimeControl "300"]
[EndTime "3:14:14 PDT"]
[Termination "Biranidun won by resignation"]

1. d4 Nf6 2. c4 g6 3. Nc3 Bg7 4. e4 d6 5. f4 c5 6. d5 O-O 7. Nf3 e6 8. dxe6 Bxe6 9. Be2 Nc6 10. O-O Bg4 11. h3 Bxf3 12. Bxf3 Nd4 13.
Bd2 Re8 14. f5 Rb8 15. fxg6 fxg6 16. Rc1 Nd7 17. Be3 Ne5 18. Bxd4 cxd4 19. Nd5 Rf8 20. b3 Qg5 21. Rc2 Rf7 22. Rcf2 Rbf8 23. Bg4 Rxf2 24. Rxf2 Rxf2 25. Kxf2 d3 26. Be6+ Kh8 27. g3 a6 28. h4 Qd8 29. a4 Qf8+ 30. Kg2 Bh6 31. Qf1 d2 32. Qxf8+ Bxf8 33. Ne3 Nd3 34. Bg4 Nc5 35.
Bd1 Nxe4 36. Kf3 Nc3 37. Bc2 Bh6 38. Nd1 Na2 39. g4 b6 40. g5 Bg7 41. Ke2 Be5 42.
Kxd2 Nb4 43. Be4 Bg3 44. h5 gxh5 45. Ke3 Kg7 46. Kf3 Be5 47. Nf2 a5 48. Nd3 Na2 49. Nxe5 dxe5 50. Kg3 Nc1 51. b4 Ne2+ 52. Kh4 Nc3 53. Bc2 axb4 54. Kxh5 e4 55. Kg4 e3 56. Kf3 e2 57. Kf2 h5 58. gxh6+ Kxh6 59. Ke1 Kg5 60. Kf2 Kf4 61. Ke1 Ke3 62. Bb3 Kd3 63. Kf2 Kd2 0-1

[Event "Live Chess"]
[Site "Chess.com"]
[Date "2023.05.21"]
[Round "-"]
[White "Pandreq"]
[Black "diana21strabt"]
[Result "0-1"]
[WhiteElo "1229"]
[BlackElo "1721"]
[TimeControl "300"]
[EndTime "3:14:36 PDT"]
[Termination "diana21strabt won by resignation"]

1. d4 Nf6 2. c4 g6 3. Nc3 Bg7 4. Bf4 e6 5. e3 O-O 6. e4 d5 7.
cxd5 exd5 8. e5 Ne4 9. Nxe4 dxe4 10. Ne2 Nc6 11. Be3 f5 12. Nc3 Nb4 13. a3 Nd5 14. Bc4 c6 15. Qb3 Be6 16. Rc1 Rb8 17. O-O Re8 18.
Rfd1 Kh8 19. Nxd5 Bxd5 20. Bxd5 Qxd5 21. Qxd5 cxd5 22. Rc7 Rec8 23. Rdc1 Rxc7 24. Rxc7 Kg8 25. Bf4 a6 26. e6 Bxd4 27. e7 Kf7 28. Rd7 Ke8 29.
Rxd5 Rc8 30. Rxd4 Kxe7 31. g3 Rc2 32. Rd2 Rc6 33. Kf1 Ke6 34. Ke2 Rb6 35. f3 exf3+ 36. Kxf3 Rb3+ 37. Kf2 Kf6 38. Be3 g5 39. h3 h5 40. Ke2 Ke5 41. h4 gxh4 42. Bf4+ Ke4 43. Bd6 hxg3 44. Bc5 f4 45. Rd4+ Ke5 46. Bb4 Kxd4 47.
Bc3+ Rxc3 48. bxc3+ Kxc3 0-1

[Event "Live Chess"]
[Site "Chess.com"]
[Date "2023.05.21"]
[Round "-"]
[White "hopton5"]
[Black "chessfiction"]
[Result "0-1"]
[WhiteElo "1038"]
[BlackElo "2319"]
[TimeControl "300"]
[EndTime "3:14:37 PDT"]
[Termination "chessfiction won by resignation"]

1. e4 d5 2. exd5 c6 3. dxc6 e5 4. Nc3 Bc5 5. Nf3 Nf6 6. Bb5 O-O 7. O-O e4 8. Ne5 bxc6 9. Nxc6 Nxc6 10. Bxc6 Bg4 11.
Qe1 Rc8 12. Bxe4 Re8 13. d3 Qd6 14. Bg5 Bb6 15. a4 Bc7 16. g3 Ba5 17. Bf4 Qc5 18. Be3 Qh5 19. f3 Bh3 20. Rf2 Nxe4 21. dxe4 Be6 22.
Qe2 Rb8 23. Kg2 Rxb2 24. Rb1 Bxc3 25. Rxb2 Bxb2 26. g4 Qe5 27. Qa6 Bd4 28. Bxd4 Qxd4 29.
Qc6 Rc8 30. Qb7 Qb6 31. Qe7 h6 32. Rd2 Qc7 33. c4 Qxe7 34. c5 Qxc5 35. Rb2 Qe3 36.
Rb4 Rc2+ 0-1

[Event "Live Chess"]
[Site "Chess.com"]
[Date "2023.05.21"]
[Round "-"]
[White "Keithdfg"]
[Black "WelshTiger"]
[Result "0-1"]
[WhiteElo "1600"]
[BlackElo "2348"]
[TimeControl "300"]
[EndTime "3:14:49 PDT"]
[Termination "WelshTiger won by resignation"]

1. Nf3 c5 2. c4 Nf6 3. Nc3 d5 4. cxd5 Nxd5 5. g3 Nc6 6. Bg2 Nc7 7. O-O e5 8. d3 Be7 9. a3 O-O 10. Rb1 a5 11. Nd2 Bd7 12. Nc4 Ne6 13. Bxc6 Bxc6 14. Nxe5 Be8 15. a4 Nd4 16. Nc4 Bc6 17. Be3 Qc8 18. f3 Qe6 19. Bxd4 cxd4 20. Ne4 f5 21. Ned2 Bb4 22. Rf2 Rae8 23. b3 h5 24. f4 Qd5 25. Nf3 h4 26. Nce5 hxg3 27. hxg3 Re6 28. Qf1 Bd2 29. Qh3 Be3 30. Nh4 Rh6 31. Kf1 Bxf2 32. Kxf2 Qe6 0-1

[Event "Live Chess"]
[Site "Chess.com"]
[Date "2023.05.21"]
[Round "-"]
[White "BJAW87"]
[Black "Ferrarifan27"]
[Result "0-1"]
[WhiteElo "1438"]
[BlackElo "2105"]
[TimeControl "300"]
[EndTime "3:15:05 PDT"]
[Termination "Ferrarifan27 won by resignation"]

1. e4 e5 2. Nc3 Nc6 3. f4 d6 4.
fxe5 dxe5 5. Nf3 Nf6 6. Bc4 Bc5 7. Nd5 Ng4 8. Qe2 Bf2+ 9. Kd1 Bb6 10. Rf1 O-O 11. d3 Be6 12. h3 Nf6 13. Bg5 Bxd5 14. Bxd5 h6 15. Bh4 g5 16. Nxg5 Nxd5 17. Ne6 Qxh4 18.
Nxf8 Ne3+ 19. Kd2 Nxf1+ 20. Rxf1 Rxf8 21. Rf5 Nd4 22. Qf2 Nxf5 23. Qxf5 Qf2+ 24. Kc3 Qxf5 25. exf5 Bd4+ 26. Kb3 c6 27. c3 Be3 28. Kc4 Rd8 0-1

[Event "Live Chess"]
[Site "Chess.com"]
[Date "2023.05.21"]
[Round "-"]
[White "wot-not"]
[Black "peter-785"]
[Result "1-0"]
[WhiteElo "1542"]
[BlackElo "1187"]
[TimeControl "300"]
[EndTime "3:15:50 PDT"]
[Termination "wot-not won on time"]

1. e4 c5 2. f4 d6 3. Nf3 e6 4.
d4 cxd4 5. Bd3 Nf6 6. O-O Nc6 7. Nbd2 a6 8. Nb3 b5 9. Bd2 Be7 10. Be1 O-O 11. Nbxd4 Nxd4 12. Nxd4 Bb7 13. Qe2 Rc8 14. Bh4 Qb6 15. c3 e5 16. fxe5 dxe5 17. Kh1 exd4 18. e5 Nd5 19. Qh5 g6 20. Qh6 Bxh4 21. Qxh4 dxc3 22. bxc3 Qd8 23. Qg3 Ne7 24. Rac1 Rc7 25.
Rfd1 Qc8 26. Be2 Nf5 27. Qg5 Qe6 28. Bg4 Qxe5 29. Re1 Qg7 30. Bxf5 gxf5 31. Qd2 Rfc8 32. Re3 Be4 33. Rg3 f6 34. Rxg7+ Rxg7 35. Rg1 h6 36.
Qxh6 Rxc3 37. Qxf6 Rc6 38. Qd8+ Kh7 39. Qh4+ Rh6 40.
Qe1 Re6 41. Qa5 Rf6 42. h3 Re6 43. Qd8 Rc6 44. Qh4+ Rh6 45. Qf4 Rf6 46. Qh4+ Rh6 47. Qd8 1-0

[Event "Live Chess"]
[Site "Chess.com"]
[Date "2023.05.21"]
[Round "-"]
[White "SupremeTactician"]
[Black "Brooms1989"]
[Result "1-0"]
[WhiteElo "2225"]
[BlackElo "1124"]
[TimeControl "300"]
[EndTime "3:15:57 PDT"]
[Termination "SupremeTactician won by resignation"]

1. e4 e5 2. Nf3 Nc6 3. Nc3 Nf6 4. Bb5 d6 5. Bxc6+ bxc6 6. O-O Ba6 7. Re1 Be7 8. d4 O-O 9. dxe5 dxe5 10. Qxd8 Raxd8 11. Nxe5 Bb7 12. Bg5 h6 13. Bh4 Rd2 14. Re2 Rfd8 15. Rae1 Bb4 16. Bxf6 gxf6 17. Nd3 Rxe2 18.
Rxe2 Bxc3 19. bxc3 Ba6 20. Re3 Re8 21. g3 f5 22. exf5 Rxe3 23. fxe3 Bxd3 24. cxd3 Kg7 25. e4 Kf6 26. Kf2 Ke5 27. Ke3 f6 28. d4+ Kd6 29. Kf4 Ke7 30. e5 fxe5+ 31. dxe5 Kf7 32. g4 1-0

[Event "Live Chess"]
[Site "Chess.com"]
[Date "2023.05.21"]
[Round "-"]
[White "Ian-Morley"]
[Black "McSlash1"]
[Result "0-1"]
[WhiteElo "1060"]
[BlackElo "2009"]
[TimeControl "300"]
[EndTime "3:16:04 PDT"]
[Termination "McSlash1 won by checkmate"]

1. e4 c5 2. Nf3 d6 3. Bb5+ Bd7 4. Bxd7+ Qxd7 5. O-O Nc6 6. Re1 g6 7. c3 Bg7 8. d4 cxd4 9. cxd4 Nf6 10. e5 dxe5 11. Nxe5 Nxe5 12. dxe5 Qxd1 13. Rxd1 Ng4 14. f4 O-O 15. h3 Nh6 16. g4 Rfd8 17. Rxd8+ Rxd8 18. Kg2 f6 19. Nc3 fxe5 20. fxe5 Bxe5 21. Bxh6 b5 22.
Ne4 Rd4 23. Kf3 Rd3+ 24. Ke2 Rxh3 25. g5 Rh2+ 26. Kd3 Rxb2 27. a4 Rb3+ 28. Kc2 Rb4 29. Re1 bxa4 30. Nc3 Bd6 31. Nd5 Rb7 32. Rf1 Rb8 33. Nc3 a3 34. Na2 e5 35. Rb1 Rc8+ 36. Kb3 e4 37. Rd1 Be7 38. Rd7 Bc5 39. Rg7+ Kh8 40. Nc3 e3 41. Ne2 Rb8+ 42. Ka2 Rb2+ 43. Ka1 Rxe2 44. Rc7 Bd4+ 45. Kb1 a2+ 46. Kc1 a1=Q# 0-1

[Event "Live Chess"]
[Site "Chess.com"]
[Date "2023.05.21"]
[Round "-"]
[White "Outspanner"]
[Black "sanjesh_ananda"]
[Result "1-0"]
[WhiteElo "1551"]
[BlackElo "1297"]
[TimeControl "300"]
[EndTime "3:16:14 PDT"]
[Termination "Outspanner won by checkmate"]

1. d4 d5 2. Nc3 Nf6 3. Bf4 a6 4. e3 e6 5. Bd3 Nc6 6. a3 Bd6 7. Bg5 O-O 8. h4 h6 9. f4 hxg5 10. hxg5 Ne4 11. Qh5 f6 12. g6 Re8 13. Qh8# 1-0

[Event "Live Chess"]
[Site "Chess.com"]
[Date "2023.05.21"]
[Round "-"]
[White "bedsdrout"]
[Black "toxic_rabbit"]
[Result "0-1"]
[WhiteElo "577"]
[BlackElo "1988"]
[TimeControl "300"]
[EndTime "3:16:15 PDT"]
[Termination "toxic_rabbit won on time"]

1. e4 e6 2. Bc4 d5 3. Bb3 dxe4 4. Nc3 Nf6 5. d3 exd3 6. Nf3 Be7 7. Qxd3 Qxd3 8.
cxd3 Nc6 9. Ng5 h6 10. Nf3 O-O 11. d4 Rd8 12. Bc2 Nxd4 13. Nxd4 Rxd4 14. Be3 Rd8 15. Rd1 Rxd1+ 16. Bxd1 Bd7 17. Bc2 Bc6 18. O-O Rd8 19.
Rd1 Rxd1+ 20. Bxd1 Nd5 21. Bd2 Nxc3 22. Bxc3 Bf6 23.
Bc2 Bxc3 24. bxc3 Kf8 25. a4 Ke7 26. a5 Kd6 27. Kf1 Kc5 28. Bd3 Bb5 29. Ke2 Bxd3+ 30. Kxd3 Kb5 31. c4+ Kxa5 32. g4 Kb4 33. h4 a5 34. f4 Kb3 35. Kd2 Kb2 36. g5 h5 37.
f5 exf5 38. g6 f6 39. Kd3 a4 40. c5 c6 41. Kc4 a3 42. Kd4 a2 43. Kc4 a1=Q 44.
Kd4 Qa4+ 45. Kd3 Qe4+ 46. Kd2 Qd4+ 47. Ke2 Kc3 48. Kf3 Qe4+ 49. Kf2 Qe3+ 0-1